Map: Terraform LE (Void)

Players

Mortalitor - Winner!

  • Race: Zerg Zerg
  • League: Gold

Javert

  • Race: Zerg Zerg
  • League: Gold

VOD

Have the link to the VOD?

Description

Time

  • Played on: Sept. 17, 2015, 11:01 p.m.
  • Length: 8:12
Show
View Real Time Build Order
Export as new Build Order

Mortalitor Zerg - Winner!

Build Orders: Pool First 

Get SALT Encoding   

  12  0:01  Drone  
  13  0:09  Drone  
  14  0:17  Overlord  
  14  0:24  Drone, Extractor  
  15  0:36  Drone  
  16  0:43  Drone  
  16  0:44  Drone  
  16  0:47  Extractor  
  17  0:53  Spawning Pool  
  17  0:56  Drone  
  17  1:05  Drone  
  18  1:18  Drone  
  19  1:27  Hatchery  
  18  1:36  Drone  
  18  1:38  Overlord  
  19  1:50  Queen  
  19  1:53  Metabolic Boost  
  21  2:10  Drone x2  
  23  2:17  Drone, Extractor  
  23  2:22  Drone  
  24  2:26  Queen  
  26  2:39  Queen  
  28  2:48  Drone x3  
  28  2:49  Drone  
  32  2:55  Baneling Nest  
  31  3:00  Overlord  
  31  3:05  Zergling x2  
  31  3:06  Zergling x4  
  31  3:12  Drone x2  
  36  3:19  Drone  
  37  3:21  Drone x2  
  39  3:36  Zergling x6  
  39  3:41  Drone x2  
  44  3:43  Lair  
  44  3:57  Overlord x3  
  44  4:10  Spine Crawler  
  44  4:13  Roach Warren  
  44  4:14  Drone  
  44  4:15  Drone x3  
  46  4:35  Baneling x2  
  46  4:53  Glial Reconstitution  
  46  4:54  Roach  
  46  4:55  Roach x8  
  46  4:56  Roach x2  
  46  4:57  Overlord  
  46  4:58  Overlord  
  68  5:14  Overlord  
  68  5:15  Overlord  
  68  5:17  Roach x3  
  68  5:18  Roach  
  76  5:22  Ravager x2  
  76  5:23  Ravager  
  76  5:25  Ravager  
  80  5:31  Drone x3  
  80  5:33  Extractor  
  83  5:35  Roach  
  83  5:36  Roach  
  83  5:39  Overlord  
  85  5:50  Spine Crawler  
  85  5:54  Roach  
  85  5:55  Roach x3  
  92  6:03  Drone x3  
  95  6:04  Drone x2  
  95  6:06  Drone  
  98  6:19  Roach x2  
  90  6:54  Ravager x3  
  87  7:13  Roach x3  
  87  7:14  Roach x7  
  107  7:21  Hatchery  
  96  7:39  Hatchery  
  96  7:42  Roach x5  
  103  7:50  Evolution Chamber x2  
Show
View Real Time Build Order
Export as new Build Order

Javert Zerg 

Build Orders: Hatch First 

Get SALT Encoding   

  12  0:01  Drone  
  13  0:13  Overlord  
  13  0:17  Drone  
  14  0:31  Drone  
  14  0:32  Drone  
  16  0:36  Drone  
  17  0:56  Hatchery  
  16  0:57  Drone  
  17  1:09  Spawning Pool  
  16  1:12  Drone  
  16  1:18  Drone  
  18  1:28  Drone  
  19  1:39  Extractor  
  18  1:41  Overlord  
  18  1:42  Overlord  
  18  1:57  Roach Warren, Queen  
  19  2:07  Drone  
  20  2:09  Queen  
  22  2:27  Drone x2  
  24  2:43  Roach x4  
  32  2:54  Roach  
  32  2:57  Drone x3  
  37  3:08  Roach  
  37  3:09  Roach  
  41  3:14  Queen  
  41  3:17  Drone  
  41  3:19  Overlord  
  44  3:35  Baneling Nest  
  44  3:37  Drone  
  44  3:39  Overlord  
  44  3:41  Drone x3  
  46  3:43  Drone  
  48  4:01  Drone x2  
  48  4:02  Drone x5  
  55  4:14  Overlord  
  55  4:25  Drone x2  
  55  4:26  Drone  
  55  4:29  Hatchery  
  57  4:33  Overlord  
  57  4:34  Overlord  
  57  4:36  Extractor  
  57  4:37  Extractor  
  55  4:40  Evolution Chamber  
  55  4:43  Overlord  
  55  4:44  Overlord  
  54  4:56  Roach x4  
  62  5:03  Drone x3  
  62  5:04  Drone  
  66  5:09  Lair  
  66  5:12  Extractor  
  65  5:15  Zerg Missile Weapons Level 1  
  65  5:27  Roach x3  
  65  5:28  Roach  
  73  5:34  Overlord  
  73  5:41  Drone x5  
  78  5:52  Roach x2  
  78  5:53  Roach  
  84  6:09  Roach  
  84  6:10  Roach x5  
  96  6:14  Glial Reconstitution  
  96  6:18  Overlord  
  82  6:35  Roach  
  82  6:36  Roach x6  
  76  6:51  Roach  
  76  6:52  Roach x5  
  72  7:11  Roach  
  72  7:12  Roach x6  
  60  7:39  Roach  
  60  7:40  Roach x9  
Tags
 
Add a new tag
Caveats
  • Supply blocks, unpowered buildings, or Contaminate may cause inaccurate times.
  • Supply counts are checked every 10 seconds.